 Dungeon Crawl Stone Soup version 0.24-a0-517-gd52e2fb (webtiles) character file.

Game seed: 8741163050091675126

12 swrodtail1 the Firebug (level 2, 0/20 HPs)
             Began as a Draconian Fire Elementalist on July 23, 2019.
             Slain by a jackal (2 damage)
             ... on level 1 of the Dungeon.
             The game lasted 00:07:27 (215 turns).

swrodtail1 the Firebug (Draconian Fire Elementalist) Turns: 215, Time: 00:07:28

Health: 0/20       AC:  4    Str: 10    XL:     2   Next: 20%
Magic:  5/5        EV: 12    Int: 15    God:
Gold:   0          SH:  0    Dex: 11    Spells: 4/5 levels left

rFire    . . .     SeeInvis .   (no weapon)
rCold    . . .     Gourm    .   (no shield)
rNeg     . . .     Faith    .   (armour unavailable)
rPois    .         Spirit   .   (helmet restricted)
rElec    .         Reflect  .   (no cloak)
rCorr    .         Harm     .   (no gloves)
MR       .....                  (no boots)
Stlth    ++........             (no amulet)
HPRegen  0.06/turn              (no ring)
MPRegen  0.09/turn              (no ring)

@: no status effects
A: unfitting armour, cold-blooded, AC +4
a: no special abilities


You were on level 1 of the Dungeon.
You were not hungry.

You visited 1 branch of the dungeon, and saw 1 of its levels.

Inventory:

Armour
 a - a +0 ring mail
Comestibles
 b - a ration


   Skills:
 + Level 1.9 Dodging
 + Level 1.7 Stealth
 + Level 0.3 Unarmed Combat
 + Level 2.0 Spellcasting
 + Level 1.0 Conjurations
 + Level 3.5 Fire Magic


You had 4 spell levels left.
You knew the following spells:

 Your Spells              Type           Power        Failure   Level  Hunger
a - Flame Tongue          Conj/Fire      #....        9%          1    #......

Your spell library contained the following spells:

 Spells                   Type           Power        Failure   Level  Hunger
 Throw Flame              Conj/Fire      #.....       13%         2    ###....
 Conjure Flame            Conj/Fire      #.......     26%         3    ###....
 Inner Flame              Hex/Fire       #.......     32%         3    ###....
 Sticky Flame             Conj/Fire      #.......     65%         4    #####..
 Fireball                 Conj/Fire      #.........   94%         5    ######.


Dungeon Overview and Level Annotations

Branches:
Dungeon (1/15)

Altars:


Innate Abilities, Weirdness & Mutations

Your plain brown scales are hard. (AC +4)
You cannot fit into any form of body armour.
You are cold-blooded and may be slowed by cold attacks.


Message History

You barely miss the jackal. The jackal barely misses you.
You hit the jackal but do no damage. The jackal barely misses you.
The jackal bites you but does no damage.
You hit the jackal.
The jackal is heavily wounded.
The jackal barely misses you.
You hit the jackal but do no damage.
The jackal is heavily wounded.
The jackal bites you.
* * * LOW HITPOINT WARNING * * *
You closely miss the jackal.
The jackal is heavily wounded.
The jackal barely misses you. The jackal closely misses you.
You hit the jackal.
The jackal is almost dead.
The jackal bites you but does no damage.
You barely miss the jackal.
The jackal is severely wounded.
The jackal bites you.
You die...

**
##.*,**,#.........,,* *
*#,***,#....###..,,**
**
**,*,**,#.†..###*#,,,**
,* *,***,*,#(.....#
*,,,,** ,***
***,****,,#..#...#
**,,,,*
,,,***,,,,,,,,,+..#...#
*,*,,*
,**,*,**,****,*#..#...#
*,**,*
,***,***,***,**#......#
*,**** ,**,*,**,**,**
#@##...# *,*
,*,***,*,*,****#h#*...#
*,* ,,*****,,,**
*,rK#*,..# *,*
,,,,,,,,,** **...#*,..#
*,*
+*******+****....#*,,.#
*,*
,,,,,,,,,,,,.....#***##
*,* *****,,,,,,...?..#
*,* ,****,,,,,######.#
**,*** ,,,,,,,,,,* *,**
*,,,,*


You could see a jackal, a kobold and a rat.

Vanquished Creatures
  A leopard gecko (D:1)
  A giant cockroach (D:1)
  3 jackals (D:1)
  2 kobolds (D:1)
  A bat (D:1)
  2 rats (D:1)
10 creatures vanquished.

Notes
Turn   | Place    | Note
-------+----------+-------------------------------------------
     0 | D:1      | swrodtail1 the Draconian Fire Elementalist began the quest
                  | for the Orb.
     0 | D:1      | Reached XP level 1. HP: 14/14 MP: 3/3
   191 | D:1      | Reached XP level 2. HP: 6/20 MP: 5/5
   212 | D:1      | HP: 1/20 [jackal (2)]
   215 | D:1      | Slain by a jackal

Levels and vault maps discovered:
D:1:      roderic_octagonal_star, layout_rooms

Action                   || total
-------------------------++-------
Melee: Unarmed           ||    94
       Tailslap          ||     6
  Use: Scroll            ||     2
       Potion            ||     1
Armor: Skin              ||    28
Dodge: Dodged            ||    67

Table legend:
 A = Non-vault XP
 B = Vault XP
 C = Vault XP percentage of total XP
 D = Non-vault monster count
 E = Vault monster count
 F = Vault count percentage of total count
                 A         B        C        D         E       F
            +---------+---------+-------+---------+---------+-------
      Total |      18 |       0 |   0.0 |      10 |       0 |   0.0
            +---------+---------+-------+---------+---------+-------
        D:1 |      18 |       0 |   0.0 |      10 |       0 |   0.0
            +---------+---------+-------+---------+---------+-------
